Map: Site Delta LE

Players

Subwayeatn

  • Race: Zerg Zerg
  • League: Platinum
  • Spawn Location: 5:00

BryanMachuca - Winner!

  • Race: Protoss Protoss
  • League: Diamond
  • Spawn Location: 11:00

VOD

Have the link to the VOD?

Description

Time

  • Played on: Nov. 9, 2023, 2:34 p.m.
  • Length: 7:54
Show
View Real Time Build Order
Export as new Build Order

Subwayeatn Zerg 

Build Orders: Pool First 

Get SALT Encoding   

  12  0:00  Drone  
  13  0:08  Drone  
  13  0:12  Extractor  
  13  0:29  Spawning Pool  
  12  1:16  Hatchery  
  11  1:24  Queen  
  11  1:25  Zergling x2  
  14  1:32  Metabolic Boost  
  14  1:42  Overlord  
  14  2:03  Zergling x6  
  18  2:15  Zergling x2  
  18  2:25  Zergling x2  
  18  2:29  Drone  
  20  2:30  Queen  
  20  2:34  Zergling x4  
  24  2:37  Zergling x2  
  25  2:50  Spine Crawler  
  24  3:10  Drone x3  
  27  3:14  Zergling x2  
  28  3:32  Spine Crawler  
  28  3:37  Spine Crawler  
  28  3:41  Spine Crawler  
  28  3:46  Spine Crawler  
  27  3:53  Queen  
  27  3:54  Spine Crawler  
  28  4:04  Overlord  
  28  4:16  Spore Crawler  
  27  4:29  Drone x4, Queen  
  33  4:42  Overlord  
  33  4:45  Drone  
  34  4:50  Zergling x2  
  35  5:01  Drone x3  
  34  5:45  Spore Crawler  
  34  5:49  Spore Crawler  
  32  6:05  Drone x3  
  32  6:08  Hatchery  
  32  6:09  Spore Crawler  
  31  6:20  Spore Crawler  
  31  6:21  Spore Crawler x2  
  31  6:22  Drone x2, Spore Crawler  
  31  6:23  Spore Crawler x2  
  31  6:25  Drone  
  28  6:42  Spore Crawler  
  28  6:43  Spore Crawler  
  26  6:51  Queen  
  28  7:07  Overlord  
  28  7:09  Drone  
  30  7:16  Drone  
  29  7:35  Spore Crawler  
Show
View Real Time Build Order
Export as new Build Order

BryanMachuca Protoss - Winner!

Build Orders:  

Get SALT Encoding   

  12  0:03  Probe  
  13  0:15  Probe  
  14  0:23  Pylon  
  14  0:27  Probe  
  15  0:45  Probe  
  15  0:46  Gateway  
  15  0:47  Assimilator  
  16  0:55  Pylon  
  16  1:04  Probe  
  17  1:16  Probe  
  18  1:27  Pylon  
  18  1:33  Pylon  
  18  1:34  Probe  
  19  1:46  Gateway  
  19  1:52  Gateway  
  19  1:53  Probe  
  20  1:59  Forge  
  20  2:06  Probe  
  21  2:18  Probe  
  22  2:29  Pylon  
  22  2:30  Probe  
  22  2:33  Photon Cannon  
  23  2:37  Photon Cannon  
  23  2:42  Cybernetics Core  
  23  2:51  Photon Cannon  
  23  2:56  Photon Cannon  
  23  3:00  Probe  
  24  3:15  Probe  
  24  3:18  Assimilator  
  25  3:20  Stalker x2  
  25  3:24  Stargate  
  29  4:00  Probe  
  30  4:07  Gateway  
  30  4:10  Pylon  
  30  4:16  Void Ray (Chrono Boost)  
  34  4:19  Zealot x2  
  38  4:28  Photon Cannon  
  38  4:30  Shield Battery  
  42  4:47  Void Ray (Chrono Boost)  
  42  5:01  Stalker x2  
  46  5:27  Void Ray  
  50  5:40  Pylon  
  50  5:59  Pylon  
  50  6:02  Gateway  
  50  6:03  Robotics Facility  
  54  6:13  Void Ray  
  54  6:17  Zealot  
  54  6:18  Zealot  
  58  6:20  Stalker  
  60  6:49  Gateway  
  60  6:51  Warp Prism  
  60  6:52  Pylon  
  62  7:21  Stalker x2  
  62  7:22  Stalker  
  68  7:28  Observer  
Tags
 
Matchup
PvZ
Opening
Pool First
Replay Pack
Multiplayer
Spawn Locations
Cross Positions
Add a new tag
Caveats
  • Supply blocks, unpowered buildings, or Contaminate may cause inaccurate times.
  • Supply counts are checked every 10 seconds.